 Dungeon Crawl Stone Soup version 0.21.1-1-g345015fe64 (webtiles) character file.

118 Mrkan the Gusty (level 4, -2/33 HPs)
             Began as a Draconian Air Elementalist on May 9, 2018.
             Slain by supermoro's ghost (10 damage)
             ... on level 3 of the Dungeon.
             The game lasted 00:13:49 (2367 turns).

Mrkan the Gusty (Draconian Air Elementalist)        Turns: 2367, Time: 00:13:50

Health: -2/33      AC:  5    Str: 11    XL:     4   Next: 72%
Magic:  0/7        EV: 12    Int: 16    God:
Gold:   98         SH:  0    Dex: 11    Spells: 1/7 levels left

rFire    . . .     SeeInvis .   d - +2 short sword (speed)
rCold    . . .     Gourm    .   (no shield)
rNeg     . . .     Faith    .   (armour unavailable)
rPois    .         Spirit   .   (helmet restricted)
rElec    .         Reflect  .   (no cloak)
rCorr    .         Harm     .   (no gloves)
MR       .....                  (no boots)
Stlth    ++........             (no amulet)
HPRegen  0.11/turn              (no ring)
MPRegen  0.10/turn              (no ring)

@: no status effects
A: unfitting armour, cold-blooded, AC +5
a: no special abilities


You were on level 3 of the Dungeon.
You were not hungry.

You visited 1 branch of the dungeon, and saw 3 of its levels.

You collected 98 gold pieces.

Inventory:

Hand Weapons
 d - a +2 short sword of speed (weapon)
 h - a cursed -3 dagger
Jewellery
 g - a +4 ring of evasion {unknown}
 i - an uncursed amulet of guardian spirit {unknown}
 l - an uncursed ring of see invisible {unknown}
Scrolls
 c - 2 scrolls of identify {unknown}
Potions
 e - a potion of cancellation {unknown}
 f - a potion of berserk rage {unknown}
 j - a potion of degeneration {unknown}
Books
 a - a book of Air

   Spells                             Type                      Level
   a - Shock                          Conjuration/Air              1
   b - Swiftness                      Charms/Air                   2
   c - Static Discharge               Conjuration/Air              3
   d - Airstrike                      Air                          4
   e - Lightning Bolt                 Conjuration/Air              5
Comestibles
 b - 2 rations


   Skills:
 - Level 1.7 Dodging
 - Level 1.7 Stealth
 - Level 2.0 Spellcasting
 + Level 2.6 Conjurations
 * Level 4.8 Air Magic


You had one spell level left.
You knew the following spells:

 Your Spells              Type           Power        Failure   Level  Hunger
a - Shock                 Conj/Air       ##..         4%          1    #......
b - Swiftness             Chrm/Air       #.......     12%         2    ###....
c - Static Discharge      Conj/Air       ##......     13%         3    ###....


Dungeon Overview and Level Annotations

Branches:
Dungeon (3/15)

Altars:
Uskayaw
Vehumet

Annotations:
D:3 supermoro's ghost, amateur MiGl


Innate Abilities, Weirdness & Mutations

Your plain brown scales are hard. (AC +5)
You cannot fit into any form of body armour.
You are cold-blooded and may be slowed by cold attacks.


Message History

Supermoro's ghost hits you.
You closely miss supermoro's ghost.
Your tail-slap misses supermoro's ghost.
Supermoro's ghost is heavily damaged.
Supermoro's ghost barely misses you.
You hit supermoro's ghost.
Supermoro's ghost is heavily damaged.
Supermoro's ghost holds its blade at the ready.
Supermoro's ghost hits you.
You closely miss supermoro's ghost.
Supermoro's ghost is heavily damaged.
Supermoro's ghost hits you but does no damage.
Casting: Shock
Confirm with . or Enter, or press ? or * to list all spells.
Supermoro's ghost is struck by lightning.
Supermoro's ghost is severely damaged.
The lightning arcs!
You are struck by lightning.
* * * LOW HITPOINT WARNING * * *
The lightning grounds out.
Supermoro's ghost hits you!
You die...

#........'..#
####........##.#
.......#######.# #
.......# #.###########%#
.......# #.#.........[.#.
.......# #.#............#
.#+#.### #.#....(<......#
#.#########'#.W..........#
#............@#+########.#
#............##
#.<...........
#......######## #......#
#......# #.###### #.# #.#


You could see supermoro's ghost.

Vanquished Creatures
  5 adders (D:2)
  2 oozes (D:1)
  2 worms (D:2)
  A dart slug (D:1)
  3 leopard geckos (D:1)
  4 giant cockroaches
  6 goblins
  5 hobgoblins
  3 jackals (D:2)
  A quokka (D:2)
  6 bats
  4 frilled lizards
  9 kobolds
  3 rats
54 creatures vanquished.

Vanquished Creatures (others)
  A rat (D:2)
1 creature vanquished.

Grand Total: 55 creatures vanquished

Notes
Turn   | Place    | Note
-------+----------+-------------------------------------------
     0 | D:1      | Mrkan the Draconian Air Elementalist began the quest for the Orb.
     0 | D:1      | Reached XP level 1. HP: 14/14 MP: 3/3
   105 | D:1      | Reached XP level 2. HP: 16/20 MP: 0/5
   604 | D:1      | Reached XP level 3. HP: 26/26 MP: 6/6
   797 | D:1      | Reached skill level 4 in Air Magic
  1028 | D:2      | Found a hide-covered altar of Uskayaw.
  1567 | D:2      | Reached XP level 4. HP: 33/33 MP: 5/7
  1587 | D:2      | Learned a level 2 spell: Swiftness
  1591 | D:2      | Learned a level 3 spell: Static Discharge
  1842 | D:2      | Found a radiant altar of Vehumet.
  2265 | D:3      | Noticed supermoro's ghost (amateur MiGl)
  2367 | D:3      | Slain by supermoro's ghost

Skill      XL: |  1  2  3 |
---------------+----------+-----
Air Magic      | 4 |  4.8
Conjurations   | 2 |  2.6
Dodging        | |  1.7
Stealth        | |  1.7
Spellcasting   | |  2.0

Action                   |  1- 3 |  4- 6 || total
-------------------------+-------+-------++-------
Melee: Unarmed           |    22 |       ||    22
       Tailslap          |    12 |     5 ||    17
       Short sword       |    69 |    84 ||   153
 Cast: Shock             |    15 |     6 ||    21
       Static Discharge  |       |     1 ||     1
 Stab: Sleeping          |     1 |       ||     1
  Eat: Chunk             |     1 |     3 ||     4
       Ration            |       |     1 ||     1
Armor: Skin              |    21 |    18 ||    39
Dodge: Dodged            |    59 |    51 ||   110
